 Dungeon Crawl Stone Soup version 0.17-a0-128-g90bd1c5 (webtiles) character file.

126 Tabbe the Ruffian (level 4, 0/35 HPs)
             Began as a Draconian Transmuter on Mar 23, 2015.
             Was a Follower of Cheibriados.
             Slain by HAL9000's ghost (4 damage)
             ... on level 3 of the Dungeon.
             The game lasted 00:04:55 (2488 turns).

Tabbe the Ruffian (Draconian Transmuter)            Turns: 2488, Time: 00:04:55

Health: 0/35       AC:  5    Str: 15    XL:     4   Next: 83%
Magic:  2/8        EV: 13    Int: 16    God:    Cheibriados [*.....]
Gold:   111        SH:  0    Dex: 13    Spells: 3 memorised, 2 levels left

rFire  . . .     SeeInvis .       - Unarmed
rCold  . . .     Clarity  .     (armour unavailable)
rNeg   . . .     SustAb   .     (no shield)
rPois  .         Gourm    .     (helmet restricted)
rElec  .         Spirit   .     (no cloak)
rCorr  .         Warding  .     (no gloves)
rMut   .         Stasis   .     (no boots)
MR     .....                    (no amulet)
Stlth  +.........               (no ring)
                                (no ring)

@: appendage (expiring), starving, very slow, not resistant to hostile
enchantments, very unstealthy
A: unfitting armour, horns 2, cold-blooded, AC +5
a: End Transformation, Bend Time, Renounce Religion


You were on level 3 of the Dungeon.
You worshipped Cheibriados.
Cheibriados was aware of your devotion.
You were starving.
You had grown temporary horns.
You visited 1 branch of the dungeon, and saw 3 of its levels.

You collected 111 gold pieces.

Inventory:

Hand weapons
 m - a +3 dagger of venom
Missiles
 b - 68 arrows
Jewellery
 g - an uncursed amulet of guardian spirit {unknown}
Scrolls
 c - a scroll of teleportation
 f - 3 scrolls of identify
 h - a scroll of enchant weapon {unknown}
 j - a scroll of blinking {unknown}
 l - a scroll of fog {unknown}
 n - a scroll of enchant armour {unknown}
 p - 2 scrolls of remove curse {unknown}
 q - a scroll of magic mapping
 t - a scroll of recharging {unknown}
Potions
 e - a potion of brilliance {unknown}
 i - a potion of haste
 k - a potion of resistance {unknown}
 o - a potion of lignification {unknown}
 s - 2 potions of mutation {unknown}
 u - a potion of might {unknown}
Books
 d - a book of Changes

   Spells                             Type                      Level
   a - Beastly Appendage              Transmutation                1
   b - Sticks to Snakes               Transmutation                2
   c - Spider Form                    Transmutation/Poison         3
   d - Ice Form                       Ice/Transmutation            4
   e - Blade Hands                    Transmutation                5
Comestibles
 a - 2 bread rations


   Skills:
 - Level 1.1 Fighting
 + Level 2.6 Dodging
 + Level 3.8 Unarmed Combat
 + Level 2.7 Spellcasting
 + Level 3.2 Transmutations


You had 2 spell levels left.
You knew the following spells:

 Your Spells              Type           Power        Failure   Level  Hunger
a - Beastly Appendage     Trmt           ##....       8%          1    #......
b - Sticks to Snakes      Trmt           ##........   10%         2    ##.....
c - Spider Form           Trmt/Pois      #.........   34%         3    ###....


Dungeon Overview and Level Annotations

Branches:
Dungeon (3/15)

Altars:
Cheibriados
Dithmenos
Vehumet

Annotations:
D:3 HAL9000's ghost, average OgHu


Innate Abilities, Weirdness & Mutations

Your plain brown scales are hard (AC +5).
Your body does not fit into most forms of armour.
Your cold-blooded metabolism reacts poorly to cold.
You have a pair of horns on your head.


Message History

HAL9000's ghost hits you!
* * * LOW HITPOINT WARNING * * *
Your ball python bites HAL9000's ghost but does no damage.
Unknown command.
You closely miss HAL9000's ghost.
HAL9000's ghost is almost destroyed.
HAL9000's ghost hits you but does no damage.
Your ball python closely misses HAL9000's ghost.
Unknown command.
You barely miss HAL9000's ghost. You headbutt HAL9000's ghost.
HAL9000's ghost is almost destroyed.
Your ball python bites HAL9000's ghost but does no damage.
HAL9000's ghost barely misses you.
You hit HAL9000's ghost but do no damage.
You tail-slap HAL9000's ghost, but do no damage.
You punch HAL9000's ghost, but do no damage.
HAL9000's ghost is almost destroyed.
Your ball python bites HAL9000's ghost but does no damage.
HAL9000's ghost hits you.
You die...

############........ #P≈≈≈♣♣♣≈
#.......## ##P≈♣♣ ♣P #.........
##.≈≈♣ ♣≈ #........# #....P≈≈♣ ♣≈
##### #........#######.PP♣♣♣≈
....# ##........### #.P≈≈P≈≈
....#######.....S.....####..≈P≈≈≈
...............W.)...........PPP.
....##...##.....@.###............
....# ..#............).........(
##### ...##...#####...#####..#. #
# #..#....≈≈♣.##....... #
#.....##≈≈.≈P.....###. ### ##....
##..P.♣.##...###. ..# +...##
#...........##.. #.# #..#
####......######..# #.# ##..
#....####..####..##


You could see HAL9000's ghost and a friendly ball python.

Vanquished Creatures
  An orc wizard (D:3)
  2 adders (D:3)
  A worker ant zombie (D:3)
  2 worms
  7 orcs (D:3)
  A ball python (D:2)
  7 bats
  A bat skeleton (D:3)
  3 giant cockroaches
  7 goblins
  7 hobgoblins
  8 kobolds
  A quokka (D:2)
  A giant gecko (D:3)
  2 giant newts (D:1)
  5 rats
56 creatures vanquished.

Notes
Turn   | Place    | Note
--------------------------------------------------------------
     0 | D:1      | Tabbe, the Draconian Transmuter, began the quest for the Orb.
     0 | D:1      | Reached XP level 1. HP: 16/16 MP: 3/3
   407 | D:1      | Reached XP level 2. HP: 18/23 MP: 4/4
   914 | D:2      | Found a radiant altar of Vehumet.
  1002 | D:2      | Reached XP level 3. HP: 24/28 MP: 6/6
  1363 | D:2      | Found a shadowy altar of Dithmenos.
  1363 | D:2      | Found a snail-covered altar of Cheibriados.
  1368 | D:2      | Became a worshipper of Cheibriados the Contemplative
  1492 | D:3      | Reached XP level 4. HP: 27/35 MP: 8/8
  1819 | D:3      | Acquired Cheibriados' first power
  2023 | D:3      | Noticed HAL9000's ghost (average OgHu)
  2201 | D:3      | Learned a level 2 spell: Sticks to Snakes
  2205 | D:3      | Learned a level 3 spell: Spider Form
  2488 | D:3      | Slain by HAL9000's ghost

Action                   |  1- 3 |  4- 6 || total
-------------------------+-------+-------++-------
Melee: Unarmed           |    59 |    21 ||    80
       Dagger            |    43 |    71 ||   114
 Cast: Beastly Appendage |     4 |     2 ||     6
       Sticks to Snakes  |       |     4 ||     4
Invok: Bend Time         |       |     1 ||     1
  Use: Potion            |       |     3 ||     3
       Scroll            |       |     2 ||     2
 Stab: Distracted        |       |     1 ||     1
  Eat: Chunk             |     1 |     2 ||     3
